 Dungeon Crawl Stone Soup version 0.17-a0-1763-g847a857 (webtiles) character file.

130160 ololoev the Impaler (level 16, -4/135 HPs)
             Began as a Green Draconian Skald on Sept 4, 2015.
             Was a High Priest of Nemelex Xobeh.
             Killed from afar by a shock serpent (16 damage)
             ... with a bolt of electricity
             ... on level 2 of the Snake Pit.
             The game lasted 02:46:54 (37463 turns).

ololoev the Impaler (Green Draconian Skald)        Turns: 37463, Time: 02:46:54

Health: -4/135     AC: 22    Str: 22    XL:     16   Next: 52%
Magic:  23/27      EV: 21    Int: 13    God:    Nemelex Xobeh [*****.]
Gold:   1711       SH:  0    Dex: 12    Spells: 3 memorised, 18 levels left

rFire  + + .     SeeInvis .     a - +3 bardiche "Usuovve" {speed, rC+ Str+4 Dex-5}
rCold  + . .     Clarity  .     (armour unavailable)
rNeg   . . .     SustAt   .     (no shield)
rPois  +         Gourm    .     A - +1 hat
rElec  .         Spirit   .     Q - +2 cloak {MR+}
rCorr  .         Warding  .     l - +2 pair of gloves of Somewhere Else {rF+ Str+3}
rMut   .         Stasis   .     g - +0 pair of boots
MR     ++...                    k - amulet of faith
Stlth  +.........               S - +5 ring of evasion
                                r - +5 ring of protection

@: regenerating, very resistant to hostile enchantments, very unstealthy
A: breathe noxious fumes, unfitting armour, stinger 1, fire resistance 1,
mutation resistance 1, sense surroundings 1, poison resistance, cold-blooded, AC
+9
a: Breathe Noxious Fumes, Triple Draw, Deal Four, Stack Five, Renounce Religion


Innate Abilities, Weirdness & Mutations

You can breathe blasts of noxious fumes.
Your lurid green scales are hard (AC +9).
Your body does not fit into most forms of armour.
Your tail ends in a poisonous barb.
Your system is resistant to poisons.
You are cold-blooded and may be slowed by cold attacks.
Your flesh is heat resistant.
You are somewhat resistant to further mutation.
You passively map a small area around you.

Inventory:

Hand weapons
 a - the +3 bardiche "Usuovve" (weapon) {speed, rC+ Str+4 Dex-5}
   (You bought it in a shop on level 6 of the Dungeon)

   Attacks with this weapon are significantly faster.
   It affects your strength (+4).
   It affects your dexterity (-5).
   It protects you from cold.
Armour
 g - a +0 pair of boots (worn)
 l - the +2 pair of gloves of Somewhere Else (worn) {rF+ Str+3}
   (You acquired it on level 6 of the Lair of Beasts)

   It affects your strength (+3).
   It protects you from fire.
 A - a +1 hat (worn)
 Q - a +2 cloak of magic resistance (worn)
Rods
 b - a +3 rod of shadows (11/11)
   (You found it in a labyrinth)
Jewellery
 k - an amulet of faith (around neck)
 r - a +5 ring of protection (left hand)
 I - an uncursed amulet of resist mutation
 S - a +5 ring of evasion (right hand)
Magical devices
 q - a wand of digging (4)
 y - a wand of disintegration (5)
 J - a wand of invisibility (5)
 Z - a wand of paralysis (16)
Scrolls
 d - 8 scrolls of teleportation
 e - 19 scrolls of remove curse
 i - 3 scrolls of magic mapping
 o - 4 scrolls of enchant armour
 p - 5 scrolls of recharging
 s - 5 scrolls of identify
 K - 2 scrolls of fog
 T - 2 scrolls of blinking
 W - 2 scrolls of immolation
Potions
 f - 2 potions of haste
 n - 10 potions of curing
 u - 2 potions of heal wounds
 w - 6 potions of agility
 x - 2 potions of cancellation
 M - 3 potions of flight
 N - 9 potions of might
 R - 4 potions of resistance
Miscellaneous
 j - a legendary deck of destruction
 m - an ornate deck of destruction {drawn: 2}
 t - an ornate deck of defence {the Alchemist, left: 4}
 v - a legendary deck of war {Fortitude, left: 4}
 z - a legendary deck of war {the Pentagram, left: 3}
 D - a legendary deck of destruction
 E - a legendary deck of destruction
 G - an ornate deck of escape {Solitude, left: 3}
 H - a legendary deck of destruction
 L - a legendary deck of destruction
 O - a legendary deck of destruction
 V - a phial of floods
Comestibles
 c - 16 bread rations
 B - 11 beef jerkies
 C - 7 royal jellies
 F - 7 meat rations


   Skills:
 + Level 10.4 Fighting
 * Level 17.8 Polearms
 + Level 8.8 Dodging
 - Level 5.0 Spellcasting
 - Level 4.4 Hexes
 - Level 7.7 Charms
 - Level 6.8 Necromancy
 - Level 4.0 Translocations
   Level 1.2 Invocations
 + Level 14.9 Evocations


You had 18 spell levels left.
You knew the following spells:

 Your Spells              Type           Power        Failure   Level  Hunger
a - Apportation           Tloc           ##........   4%          1    None
b - Regeneration          Chrm/Necr      ###.......   2%          3    ###....
c - Spectral Weapon       Hex/Chrm       ###.....     6%          3    ###....


You were on level 2 of the Snake Pit.
You worshipped Nemelex Xobeh.
Nemelex Xobeh was extremely pleased with you.
You were hungry.

You visited 5 branches of the dungeon, and saw 30 of its levels.
You also visited: Labyrinth and Volcano.

You collected 2809 gold pieces.
You spent 1030 gold pieces at shops.

, , ............
.......⌠.... * ,
............ * *
##8##...##8 * , * #####
####### ##...###
##....###.....## #8...8#
$#......##.......###...##,
, ...)..............##...#
....)..)S@........##...##
..).###..(.####...#8...8#*
, .., #.....###...##...##
,, ###.....)#...†.....#* *
...............#....... *
................##......
*......##........###.....
, ......###...##.## .....
...... *######## *.....

Notes
Turn   | Place    | Note
--------------------------------------------------------------
     0 | D:1      | ololoev the Draconian Skald began the quest for the Orb.
     0 | D:1      | Reached XP level 1. HP: 17/17 MP: 3/3
    49 | D:1      | Found a glowing golden altar of the Shining One.
    87 | D:1      | Became a worshipper of the Shining One
   144 | D:1      | Reached XP level 2. HP: 19/24 MP: 5/5
   151 | D:1      | Learned a level 2 spell: Song of Slaying
   358 | D:1      | Reached skill level 3 in Charms
   723 | D:2      | Found a stormy altar of Qazlal.
   737 | D:2      | Found a shattered altar of Ashenzari.
   748 | D:2      | Reached XP level 3. HP: 15/29 MP: 6/6
   934 | D:2      | Acquired the Shining One's first power
  1406 | D:2      | Found a blossoming altar of Fedhas.
  1587 | D:2      | Reached XP level 4. HP: 36/36 MP: 3/7
  1625 | D:2      | Reached skill level 4 in Polearms
  1830 | D:2      | Found a shimmering altar of Xom.
  2325 | D:3      | Reached XP level 5. HP: 29/41 MP: 5/8
  2557 | D:3      | Found a radiant altar of Vehumet.
  2701 | D:3      | Learned a level 3 spell: Spectral Weapon
  3382 | D:4      | Acquired the Shining One's second power
  3440 | D:4      | Found Zin's Purification Station.
  3441 | D:4      | Found a glowing silver altar of Zin.
  3464 | D:4      | Noticed a centaur
  3476 | D:4      | Killed a centaur
  3476 | D:4      | Reached skill level 5 in Polearms
  3476 | D:4      | Reached skill level 1 in Hexes
  3476 | D:4      | Reached XP level 6. HP: 35/48 MP: 0/9
  4053 | D:4      | You fall through a shaft for 3 floors!
  4098 | D:7      | Noticed Prince Ribbit
  4173 | D:7      | Reached skill level 1 in Invocations
  4173 | D:7      | Your scales start taking on a lurid green colour.
  4173 | D:7      | Gained mutation: Your system is resistant to poisons. [Green Draconian growth]
  4173 | D:7      | Reached XP level 7. HP: 19/55 MP: 3/10
  4646 | D:7      | Reached skill level 6 in Polearms
  4742 | D:7      | Killed Prince Ribbit
  4742 | D:7      | Reached skill level 5 in Charms
  4911 | D:7      | Noticed a hungry ghost
  4923 | D:7      | Killed a hungry ghost
  4999 | D:6      | Reached skill level 7 in Polearms
  4999 | D:6      | Reached XP level 8. HP: 59/61 MP: 11/11
  5006 | D:5      | Entered Level 5 of the Dungeon
  5102 | D:5      | Found Susoiroy's Assorted Antiques.
  5106 | D:5      | Bought a scroll of identify for 48 gold pieces
  5143 | D:4      | Noticed an ogre
  5153 | D:4      | Killed an ogre
  5327 | D:4      | Noticed a phantom
  5347 | D:4      | Killed a phantom
  5992 | D:5      | Reached skill level 8 in Polearms
  6124 | D:5      | Gained mutation: Your flesh is cold resistant. [mutagenic meat]
  6131 | D:5      | Found a staircase to the Ecumenical Temple.
  6139 | Temple   | Entered the Ecumenical Temple
  6247 | Temple   | Fell from the grace of the Shining One
  6247 | Temple   | Became a worshipper of Nemelex Xobeh the Trickster
  6252 | Temple   | Learned a level 3 spell: Regeneration
  6314 | D:5      | Received a gift from Nemelex Xobeh
  6339 | D:5      | Found an ancient bone altar of Kikubaaqudgha.
  6696 | D:5      | Noticed Blork the orc
  6710 | D:5      | Killed Blork the orc
  6710 | D:5      | Reached skill level 1 in Evocations
  6796 | D:5      | Found an iron altar of Okawaru.
  7048 | D:6      | Found Wientob's Antique Weapon Emporium.
  7060 | D:6      | Bought a pitted scythe for 136 gold pieces
  7060 | D:6      | Identified the cursed +0 scythe "Hopudynn" {slice, +Fly Int+4} (You bought it in a shop on level 6 of the Dungeon)
  7076 | D:6      | Found an ancient bone altar of Kikubaaqudgha.
  7084 | D:6      | Found Tosch's Antique Weapon Shop.
  7130 | D:6      | Received a gift from Nemelex Xobeh
  7197 | D:6      | Found Retaw Det's Assorted Antiques.
  7199 | D:6      | Bought a ring of protection for 46 gold pieces
  7256 | D:6      | Reached XP level 9. HP: 67/67 MP: 9/12
  7291 | D:6      | Found a sacrificial altar of Ru.
  7341 | D:6      | Found Qimo's Food Shoppe.
  7347 | D:6      | Found Vohuxepn's Jewellery Boutique.
  7348 | D:6      | Noticed Eustachio
  7362 | D:6      | Noticed Eustachio
  7362 | D:6      | Eustachio changed into Eustachio the wasp
  7365 | D:6      | Killed Eustachio the wasp
  7426 | D:6      | Found a burning altar of Makhleb.
  7438 | D:6      | Reached skill level 1 in Necromancy
  7449 | D:6      | Found a glowing golden altar of the Shining One.
  7545 | D:6      | Received a gift from Nemelex Xobeh
  7728 | D:6      | Noticed Dowan
  7729 | D:6      | Noticed Duvessa
  7750 | D:6      | Killed Duvessa
  7754 | D:6      | Killed Dowan
  7754 | D:6      | Reached skill level 9 in Polearms
  8084 | D:7      | Noticed a hill giant
  8094 | D:7      | Killed a hill giant
  8141 | D:7      | Noticed Menkaure
  8145 | D:7      | Killed Menkaure
  8661 | D:8      | Received a gift from Nemelex Xobeh
  8702 | D:8      | Noticed Maurice
  8723 | D:8      | Killed Maurice
  8723 | D:8      | Reached skill level 5 in Evocations
  8831 | D:8      | Reached XP level 10. HP: 63/80 MP: 14/14
  9144 | D:8      | Noticed Psyche
  9146 | D:8      | Lost mutation: Your flesh is cold resistant. [helix card]
  9664 | D:8      | Killed Psyche
  9664 | D:8      | Reached skill level 5 in Fighting
  9829 | D:8      | Noticed a komodo dragon
  9844 | D:8      | Noticed a komodo dragon
  9899 | D:8      | Killed a komodo dragon
 10044 | D:8      | Noticed Erica
 10070 | D:8      | Noticed a komodo dragon
 10111 | D:8      | Killed a komodo dragon
 10267 | D:8      | Killed Erica
 10373 | D:8      | Found a staircase to the Lair.
 10380 | D:8      | Received a gift from Nemelex Xobeh
 10562 | D:8      | HP: 4/83 [komodo dragon (23)]
 10566 | D:8      | Killed a komodo dragon
 11247 | D:5      | Bought a smoking morningstar for 216 gold pieces
 11247 | D:5      | Identified the +5 morningstar of Notzuog {elec, +Blink rPois Int-3 Dex+4} (You bought it in a shop on level 5 of the Dungeon)
 11436 | D:9      | Reached skill level 5 in Dodging
 11468 | D:9      | Learned a level 1 spell: Apportation
 11710 | D:9      | Noticed Gastronok
 11730 | D:9      | Killed Gastronok
 11730 | D:9      | Reached XP level 11. HP: 70/91 MP: 17/17
 11891 | D:9      | Found a shadowy altar of Dithmenos.
 11913 | D:9      | Received a gift from Nemelex Xobeh
 11961 | D:9      | Acquired Nemelex Xobeh's first power
 12248 | D:9      | Received a gift from Nemelex Xobeh
 12512 | D:10     | Entered Level 10 of the Dungeon
 12512 | D:10     | Found a staircase to the Orcish Mines.
 12554 | Orc:1    | Entered Level 1 of the Orcish Mines
 12786 | Orc:2    | Found Kepep's Antique Weapon Boutique.
 13070 | Orc:1    | Noticed Erolcha
 13105 | Orc:1    | Noticed Erolcha
 13105 | Orc:1    | Erolcha changed into Erolcha the golden eye
 13105 | Orc:1    | Noticed a lindwurm
 13105 | Orc:1    | an orc sorcerer changed into a lindwurm
 13105 | Orc:1    | Killed Erolcha the golden eye
 13109 | Orc:2    | Paralysed by a giant eyeball for 4 turns
 13159 | Orc:2    | Killed a lindwurm
 13414 | Orc:1    | Paralysed by a giant eyeball for 3 turns
 13449 | Orc:1    | Paralysed by a giant eyeball for 3 turns
 13921 | Orc:1    | Acquired Nemelex Xobeh's second power
 14009 | Orc:1    | Noticed a five-headed hydra
 14010 | Orc:1    | Killed a five-headed hydra
 14010 | Orc:1    | Reached skill level 10 in Evocations
 14187 | D:6      | Bought a twisted bardiche for 322 gold pieces
 14187 | D:6      | Identified the +3 bardiche "Usuovve" {speed, rC+ Str+4 Dex-5} (You bought it in a shop on level 6 of the Dungeon)
 14508 | Orc:2    | Received a gift from Nemelex Xobeh
 14941 | Orc:3    | Found a staircase to the Elven Halls.
 14976 | Orc:3    | Found a roughly hewn altar of Beogh.
 15159 | Orc:3    | Noticed a deep elf knight
 15169 | Orc:3    | Killed a deep elf knight
 15169 | Orc:3    | Reached skill level 10 in Polearms
 15881 | Orc:4    | Entered Level 4 of the Orcish Mines
 16005 | Orc:4    | Received a gift from Nemelex Xobeh
 16205 | Orc:4    | Noticed Nessos
 16222 | Orc:4    | Killed Nessos
 16222 | Orc:4    | Reached XP level 12. HP: 84/100 MP: 20/20
 16291 | Orc:4    | Found a roughly hewn altar of Beogh.
 16308 | Orc:4    | Received a gift from Nemelex Xobeh
 16390 | Orc:4    | Found Sowusane's Weapon Shop.
 16444 | Orc:4    | Reached skill level 11 in Evocations
 16483 | Orc:4    | Noticed an orc high priest
 16490 | Orc:4    | Killed an orc high priest
 16537 | Orc:4    | Noticed an orc high priest
 16542 | Orc:4    | Killed an orc high priest
 16879 | Orc:4    | Reached skill level 12 in Polearms
 16971 | Orc:4    | Noticed an orc high priest
 16979 | Orc:4    | Killed an orc high priest
 17039 | Orc:4    | Noticed an orc warlord
 17049 | Orc:4    | Noticed a storm dragon
 17049 | Orc:4    | an orc warlord changed into a storm dragon
 17265 | Orc:4    | Noticed a minotaur
 17265 | Orc:4    | a storm dragon changed into a minotaur
 17544 | Orc:4    | Killed a minotaur
 17607 | Orc:4    | Received a gift from Nemelex Xobeh
 17882 | Orc:4    | Found Viatup's General Store.
 17883 | Orc:4    | Found Nulaudiem's Jewellery Emporium.
 17885 | Orc:4    | Found Vateuwema's Antique Armour Shoppe.
 17885 | Orc:4    | Found Lingudej's Antique Weapon Shoppe.
 17903 | Orc:4    | Bought a scroll of identify for 30 gold pieces
 17905 | Orc:4    | Bought a potion of cancellation for 120 gold pieces
 17905 | Orc:4    | Bought a scroll of enchant armour for 112 gold pieces
 18220 | Lair:1   | Entered Level 1 of the Lair of Beasts
 18498 | Lair:1   | Reached skill level 13 in Polearms
 18501 | Lair:1   | Noticed Sonja
 18557 | Lair:1   | Killed Sonja
 18716 | Lair:1   | Received a gift from Nemelex Xobeh
 19173 | Lair:1   | Noticed a six-headed hydra
 19185 | Lair:1   | Killed a six-headed hydra
 19360 | Lair:2   | Noticed a six-headed hydra
 19366 | Lair:2   | Killed a seven-headed hydra
 19366 | Lair:2   | Reached XP level 13. HP: 86/106 MP: 22/22
 19483 | Lair:2   | Received a gift from Nemelex Xobeh
 19532 | Lair:2   | Acquired Nemelex Xobeh's third power
 19816 | Lair:2   | Received a gift from Nemelex Xobeh
 19816 | Lair:2   | Received a gift from Nemelex Xobeh
 20222 | Lair:3   | Found a labyrinth entrance.
 20260 | Lab      | Entered a labyrinth
 20585 | Lab      | Identified a +3 rod of shadows (11/11) (You found it in a labyrinth)
 20586 | Lab      | Identified a +0 rod of the swarm (10/10) (You took it off a minotaur in a labyrinth)
 20860 | Lair:3   | Reached skill level 14 in Polearms
 20926 | Lair:3   | Received a gift from Nemelex Xobeh
 21525 | Lair:4   | Found a radiant altar of Vehumet.
 22397 | Lair:5   | Found a dark tunnel.
 22430 | Volcano  | Entered a volcano
 22430 | Volcano  | Received a gift from Nemelex Xobeh
 22948 | Lair:5   | Noticed Kirke
 22949 | Lair:5   | Noticed Snorg
 22966 | Lair:5   | Killed Snorg
 23192 | Lair:5   | Received a gift from Nemelex Xobeh
 23200 | Lair:5   | Reached skill level 1 in Translocations
 23730 | Lair:5   | Found a staircase to the Shoals.
 23744 | Lair:5   | Received a gift from Nemelex Xobeh
 24437 | Lair:6   | Found a staircase to the Snake Pit.
 24526 | Lair:6   | Identified 2 scrolls of acquirement
 24528 | Lair:6   | Got an encrusted cloak
 24539 | Lair:6   | Identified the +5 cloak of Ytedaiwk {MP+9} (You acquired it on level 6 of the Lair of Beasts)
 24552 | Lair:6   | Got a pair of polished gloves
 24563 | Lair:6   | Identified the +2 pair of gloves of Somewhere Else {rF+ Str+3} (You acquired it on level 6 of the Lair of Beasts)
 24666 | Lair:6   | Received a gift from Nemelex Xobeh
 25030 | Lair:7   | Gained mutation: Your tail ends in a poisonous barb. [Green Draconian growth]
 25030 | Lair:7   | Reached XP level 14. HP: 103/113 MP: 23/23
 25084 | Lair:7   | Reached skill level 15 in Polearms
 25305 | Lair:7   | Received a gift from Nemelex Xobeh
 25420 | Lair:7   | Received a gift from Nemelex Xobeh
 25457 | Lair:7   | Reached skill level 5 in Necromancy
 25728 | Lair:7   | Noticed emiel's ghost (powerful HuBe)
 25740 | Lair:7   | Killed emiel's ghost
 25855 | Lair:7   | Found a viscous altar of Jiyva.
 25855 | Lair:7   | Found a staircase to the Slime Pits.
 25902 | Lair:8   | Entered Level 8 of the Lair of Beasts
 26590 | Lair:8   | Gained mutation: You are frail (-10% HP). [potion of mutation]
 26590 | Lair:8   | Gained mutation: You are clumsy. (Dex -2) [potion of mutation]
 26590 | Lair:8   | Gained mutation: Your body sometimes deteriorates upon taking damage. [potion of mutation]
 26591 | Lair:8   | Lost mutation: You are frail (-10% HP). [potion of cure mutation]
 26591 | Lair:8   | Lost mutation: You are clumsy. (Dex -2) [potion of cure mutation]
 26591 | Lair:8   | Lost mutation: Your body sometimes deteriorates upon taking damage. [potion of cure mutation]
 26745 | Lair:8   | Received a gift from Nemelex Xobeh
 27784 | Lair:8   | Found a runed door.
 28133 | Lair:8   | Received a gift from Nemelex Xobeh
 28224 | Lair:8   | Reached skill level 16 in Polearms
 28224 | Lair:8   | Reached XP level 15. HP: 119/119 MP: 22/25
 28380 | Lair:5   | Noticed Kirke
 28380 | Lair:5   | Kirke changed into Kirke the frost giant
 28389 | Lair:5   | Killed Kirke the frost giant
 28767 | D:10     | Received a gift from Nemelex Xobeh
 29034 | D:10     | Reached skill level 5 in Spellcasting
 29183 | D:10     | Received a gift from Nemelex Xobeh
 29395 | D:11     | Received a gift from Nemelex Xobeh
 29762 | D:11     | Gained mutation: You are somewhat resistant to further mutation. [mutagenic meat]
 29764 | D:11     | Gained mutation: Your flesh is heat resistant. [mutagenic meat]
 29765 | D:11     | Gained mutation: You passively map a small area around you. [potion of beneficial mutation]
 29855 | D:11     | Received a gift from Nemelex Xobeh
 29941 | D:11     | Noticed Fannar
 29942 | D:11     | Noticed Fannar
 29942 | D:11     | Fannar changed into Fannar the lindwurm
 29946 | D:11     | Killed Fannar the lindwurm
 30048 | D:11     | Identified a -2 rod of shadows (11/11) (You found it on level 11 of the Dungeon)
 30316 | D:12     | Noticed Frances
 30320 | D:12     | Killed Frances
 30520 | D:12     | Noticed Josephine
 30521 | D:12     | Noticed Josephine
 30521 | D:12     | Josephine changed into Josephine the lindwurm
 30524 | D:12     | Killed Josephine the lindwurm
 30570 | D:12     | Received a gift from Nemelex Xobeh
 31244 | D:12     | Noticed Urug
 31268 | D:12     | Killed Urug
 31787 | D:13     | Received a gift from Nemelex Xobeh
 32153 | D:13     | Received a gift from Nemelex Xobeh
 32743 | D:14     | Received a gift from Nemelex Xobeh
 32743 | D:14     | Received a gift from Nemelex Xobeh
 33401 | D:14     | Found a gate to the Vaults.
 33471 | D:14     | Reached skill level 17 in Polearms
 34080 | D:14     | Reached XP level 16. HP: 123/132 MP: 26/26
 34082 | D:14     | Got a transparent tin ring
 34085 | D:14     | Identified the ring of Afuxtaoz {rN+ MR- Dex+4} (You took it off a boggart on level 14 of the Dungeon)
 34131 | D:14     | Got a steaming cloak
 34132 | D:14     | Identified the cursed +0 cloak "Xutum" {rPois MP+9} (You found it on level 14 of the Dungeon)
 34392 | D:15     | Entered Level 15 of the Dungeon
 34550 | D:15     | Found a bloodstained altar of Trog.
 34712 | D:15     | Found a staircase to the Depths.
 34887 | D:15     | Received a gift from Nemelex Xobeh
 35019 | D:15     | Received a gift from Nemelex Xobeh
 35170 | D:15     | Noticed Azrael
 35178 | D:15     | Killed Azrael
 35879 | D:11     | Reached skill level 10 in Fighting
 36340 | Snake:1  | Entered Level 1 of the Snake Pit
 36936 | Snake:1  | Found a glowing golden altar of the Shining One.
 36986 | Snake:1  | Received a gift from Nemelex Xobeh
 37214 | Snake:1  | Received a gift from Nemelex Xobeh
 37463 | Snake:2  | Killed from afar by a shock serpent

Dungeon Overview and Level Annotations

Branches:
Dungeon (15/15)            Temple (1/1) D:5            Lair (8/8) D:8
 Shoals (0/4) Lair:5        Snake (2/4) Lair:6        Slime (0/6) Lair:7
    Orc (4/4) D:10            Elf (0/3) Orc:3        Vaults (0/5) D:14
 Depths (0/5) D:15

Altars:
Ashenzari
Cheibriados
Dithmenos
Elyvilon
Fedhas
Gozag
Kikubaaqudgha
Makhleb
Nemelex Xobeh
Okawaru
Qazlal
Ru
Sif Muna
Trog
Vehumet
Xom
Yredelemnul
Zin
The Shining One
Beogh
Jiyva

Shops:
D:4 *   D:5 *   D:6 (=%(*   Orc:2 (   Orc:4 ([*(=


Message History

Something hits you but does no damage. The shock serpent bites you.
The shock serpent shocks you!
The octopode tentacle-slaps you but does no damage.
The octopode constricts you. The shock serpent bites you!
The shock serpent shocks you!
Unknown command.
Drink which item? (? for menu, Esc to quit)
Okay, then.
Evoke which item? (* to show all) (? for menu, Esc to quit)
You draw a card...
It is the Hammer.
You have drawn the Hammer.
Press: ? - help, Shift-Dir - straight line, f - octopode, p - shock serpent
Aim: an octopode (almost dead, constricting you, misshapen and mutated, lightly drained)
The iron shot hits the octopode.
You kill the octopode!
Something hits you but does no damage.
The shock serpent bites you but does no damage.
Unknown command.
Casting: Regeneration
Confirm with . or Enter, or press ? or * to list all spells.
Your skin crawls.
Something hits you.
The shock serpent bites you but does no damage.
The shock serpent bites you. The shock serpent shocks you!
Drink which item? (? for menu, Esc to quit)
You feel much better. Something hits you.
The shock serpent shoots out a bolt of lightning at you!
The bolt of electricity misses you. Something hits you but does no damage.
The shock serpent bites you. The shock serpent shocks you!
You slice something!! You tail-slap something. Something misses you.
The shock serpent bites you but does no damage.
You feel less vulnerable to poison. Something hits you!
The shock serpent bites you. The shock serpent shocks you!
Drink which item? (? for menu, Esc to quit)
You feel much better. The shock serpent bites you!
The shock serpent shocks you!
The shock serpent shoots out a bolt of lightning at you!
The bolt of electricity hits you!
You die...
Your body glows with a rainbow of weird colours and disappears.

You could see a shock serpent.

Vanquished Creatures
  Gastronok (D:9)
  Frances (D:12)
  A frost giant (Lair:5)
  Nessos (Orc:4)
  The ghost of emiel the Cleaver, a powerful HuBe of Trog (Lair:7)
  Azrael (D:15)
  An ettin (Lair:8)
  Snorg (Lair:5)
  A vault guard (D:14)
  2 minotaurs
  A fire dragon (Lair:8)
  A naga warrior (Snake:1)
  Erica (D:8)
  4 hydras
  5 centaur warriors
  2 anacondas (Snake:1)
  12 death yaks
  An orc high priest (Orc:4)
  Urug (D:12)
  2 naga sharpshooters (Snake:1)
  Sonja (Lair:1)
  A deep elf knight (Orc:3)
  A hell knight (Volcano)
  An unseen horror (D:11)
  A fire crab (Orc:4)
  3 skeletal warriors (D:15)
  A deep elf summoner (D:14)
  A phantasmal warrior (D:15)
  A salamander mystic (Snake:2)
  A naga ritualist (Snake:1)
  5 lindwurms
  A deep elf conjurer (D:14)
  3 mana vipers (Snake:1)
  2 salamanders
  4 hill giants
  5 orc sorcerers
  A necromancer (D:15)
  5 orc knights
  12 ugly things
  8 wizards (D:14)
  A griffon (D:15)
  An octopode (Snake:2)
  3 naga magi (Snake:1)
  9 black mambas
  17 elephants
  2 cyclopes
  Maurice (D:8)
  A frost giant skeleton (D:15)
  A toenail golem (Volcano)
  2 centaur zombies
  5 torpor snails (Lair:8)
  Psyche (D:8)
  3 centaur skeletons
  A gargoyle (D:13)
  8 spiny frogs
  7 yaktaurs
  3 kobold demonologists
  15 komodo dragons
  3 fire drakes
  A jumping spider (Snake:2)
  6 trolls
  An efreet (D:15)
  A queen bee (D:11)
  A freezing wraith (D:15)
  3 giant leeches (Lair:8)
  A two-headed ogre (D:15)
  A wolf spider simulacrum (D:15)
  Prince Ribbit (D:7)
  2 blink frogs (Lair:2)
  2 boulder beetles (Lair:8)
  A shadow (D:13)
  An ettin zombie (D:15)
  A vampire (D:15)
  3 wraiths
  3 deep elf magi
  3 wyverns
  8 deep elf fighters (D:14)
  2 steam dragons
  3 fire bats (Lair:5)
  13 fire elementals (D:15)
  A golden eye (Snake:2)
  4 hungry ghosts
  A trapdoor spider (D:11)
  49 yaks
  5 hogs (Lair:5)
  8 basilisks
  Menkaure (D:7)
  6 mottled dragons
  7 nagas (Snake:1)
  3 vampire mosquitoes (D:12)
  23 wolves
  13 hippogriffs
  24 water moccasins
  2 hell hounds (Volcano)
  Duvessa (D:6)
  A swamp drake (Lair:8)
  6 ice beasts
  2 black bears
  10 porcupines
  13 ogres
  29 orc warriors
  A phantom (D:4)
  3 sky beasts
  A spider (D:15)
  4 centaurs
  23 crocodiles
  2 boggarts (D:14)
  5 wasps
  7 necrophages
  4 big kobolds
  Blork the orc (D:5)
  21 giant frogs
  5 brain worms
  A wyvern zombie (D:13)
  34 killer bees
  2 scorpions
  13 wights
  5 crimson imps
  5 jellies
  24 orc priests
  32 orc wizards
  A wasp zombie (D:9)
  A giant frog skeleton (D:4)
  2 gnoll shamans
  6 hounds
  11 iguanas
  11 worker ants
  17 sheep
  A hound skeleton (D:4)
  2 worker ant zombies (D:5)
  15 adders
  16 gnolls
  64 river rats
  7 shadow imps
  2 giant eyeballs
  An ooze (D:12)
  2 adder skeletons
  An adder zombie (D:8)
  20 worms
  14 giant geckos
  143 orcs
  5 ball pythons
  5 giant cockroaches
  5 hobgoblins
  6 jackals
  20 kobolds
  2 quokkas
  A ball python skeleton (D:4)
  9 bats
  6 giant newts
  13 goblins
  A jackal zombie (D:5)
  2 quokka skeletons
  A quokka zombie (D:6)
  22 rats
  5 fungi
  3 plants
1086 creatures vanquished.

Vanquished Creatures (collateral kills)
  4 hydras
  2 orc high priests (Orc:4)
  4 death yaks (Lair:7)
  A skeletal warrior (D:15)
  3 oklob plants (Lair:4)
  An ugly thing (D:14)
  A frost giant zombie (D:15)
  A spiny frog (Lair:2)
  A torpor snail (Lair:8)
  A komodo dragon (D:8)
  A guardian mummy (D:15)
  3 blink frogs (Lair:2)
  A spriggan zombie (D:15)
  2 deep elf fighters (D:14)
  3 wraiths (D:12)
  A yak (Lair:7)
  A golden eye (Orc:1)
  An orc warrior (D:14)
  An ogre (D:14)
  A big kobold (D:12)
  Dowan (D:6)
  A giant frog (D:14)
  2 killer bees
  A jelly (D:8)
  An iguana (D:5)
  2 orc priests
  2 orc wizards
  5 sheep (Lair:7)
  3 river rats (Lair:7)
  7 orcs
  A giant cockroach (Orc:1)
  2 quokkas
62 creatures vanquished.

Vanquished Creatures (others)
  A toenail golem (Volcano)
  A red devil (Volcano)
  A basilisk (Lair:8)
  A killer bee (D:11)
  A goblin (Orc:1)
  A bush (Lair:8)
  18 fungi
  35 plants
  10 spectral weapons
69 creatures vanquished.

Grand Total: 1217 creatures vanquished

Action                   |  1- 3 |  4- 6 |  7- 9 | 10-12 | 13-15 | 16-18 || total
-------------------------+-------+-------+-------+-------+-------+-------++-------
Melee: Spear             |   198 |   283 |   516 |   781 |       |       ||  1778
       Bardiche          |       |       |       |   494 |  1951 |   351 ||  2796
       Unarmed           |       |       |       |     3 |       |       ||     3
 Cast: Song of Slaying   |     2 |     5 |     3 |     4 |     1 |       ||    15
       Infusion          |     5 |    15 |    17 |    13 |       |       ||    50
       Spectral Weapon   |       |     1 |    17 |    16 |    29 |     8 ||    71
       Regeneration      |       |       |       |       |    19 |    28 ||    47
       Apportation       |       |       |       |       |     1 |       ||     1
Invok: Divine Shield     |       |     1 |     2 |       |       |       ||     3
       Deal Four         |       |       |       |     2 |     4 |       ||     6
       Stack Five        |       |       |       |       |     7 |     1 ||     8
 Abil: Breathe Noxious F |       |       |     9 |    59 |    32 |     2 ||   102
Evoke: Deck              |       |       |    20 |    42 |    37 |    17 ||   116
       Wand              |       |       |       |     2 |    11 |       ||    13
       Phial of floods   |       |       |       |     2 |     3 |       ||     5
       Rod               |       |       |       |       |    10 |       ||    10
  Use: Scroll            |       |     1 |    10 |     9 |    26 |     3 ||    49
       Potion            |       |       |     3 |     6 |     8 |     7 ||    24
 Stab: Sleeping          |     2 |       |     1 |     3 |     2 |       ||     8
       Confused          |       |       |    12 |    64 |    29 |     1 ||   106
       Paralysed         |       |       |     1 |       |       |       ||     1
       Distracted        |       |       |       |     8 |    11 |     1 ||    20
       Invisible         |       |       |       |     1 |       |       ||     1
  Eat: Chunk             |     3 |     6 |    16 |    33 |    52 |     8 ||   118
       Bread ration      |       |     1 |     1 |       |       |       ||     2
       Pizza             |       |       |     1 |       |     2 |       ||     3
       Meat ration       |       |       |       |     2 |     1 |     1 ||     4
       Royal jelly       |       |       |       |     1 |       |       ||     1
       Fruit             |       |       |       |       |    11 |     3 ||    14

Vault maps used:
D:1:      erik_arrival_orb_chamber, tso_metal_star
D:2:      lemuel_crystal_altar, ashenzari_conservatory_becter,
          nicolae_qazlal_general_emergency, nicolae_overflow_crystal_walls,
          serial_park_tiny_1, minmay_misc_feat_diagonals
D:3:      overflow_temple_1_default, first_bread, minmay_misc_feat_iff,
          st_stairs_10
D:4:      zin_purify, hangedman_decor_lopped, kennysheep_generic_room_9
D:5:      kiku_gazebo_pond_becter, okawaru_altar_gauntlet_db, serial_shops,
          nicolae_shop_stone, serial_bayou_ford_a, minivault_4,
          uniq_blork_the_orc
D:6:      nicolae_ru_great_annihilating_truth, old_standard_altar, serial_shops,
          shop, nicolae_shop_stone, shop, shop, shop, hangedman_feature_mirror,
          roderic_lattice_a, uniq_eustachio, uniq_duvessa
D:7:      grunt_ogre_cave, uniq_prince_ribbit1, uniq_menkaure
D:8:      erik_lair_dragon, uniq_maurice, uniq_psyche, uniq_erica
D:9:      nicolae_overflow_hidden_temple, uniq_gastronok
D:10:     nicolae_benzene_ring
D:11:     special_room, lightli_orcish_oven, uniq_fannar
D:12:     serial_glass, glass_columns_a, glass_columns_c, uniq_urug,
          uniq_frances, uniq_josephine
D:14:     minmay_smoke_and_mirrors, david_vaults_5, serial_park_square3,
          elves_outpost_lemuel
D:15:     gammafunk_depths_entry_grave, basic_altar,
          minmay_guarded_unrand_flaming_death
Temple:   circular_temple_pool_8
Lair:1:   serial_bayou_pond_e, st_stairs_13, serial_bayou_lagoon_a,
          bh_autumn_forest_stairs, uniq_sonja
Lair:2:   nicolae_quartered_pool_little
Lair:3:   lab_entry_generic, roderic_carrion_pond
Lair:4:   basic_altar, disabler_island
Lair:5:   elwin_shoals_entry_rocks, nicolae_volcano_entry_batcave,
          grunt_megastairs_4, infiniplex_staircase_pool_2, uniq_kirke,
          uniq_snorg
Lair:6:   dummy_snake_entry, kennysheep_catoblepas_arena, lemuel_fruit_fields
Lair:7:   dpeg_slime_entry_enclosed_altar, minivault_27
Lair:8:   guppyfry_lair_end_dragon, wormcave, grunt_megastairs_3
Snake:1:  cheibrodos_snake_ritualist_ritual, basic_altar, uniq_azrael
Snake:2:  basic_altar, corexii_hall_statues_x, uniq_wiglaf, uniq_louise
Orc:1:    uniq_erolcha
Orc:2:    serial_shops, nicolae_shop_statue_plus
Orc:3:    basic_altar, nicolae_orc_pool_cavern
Orc:4:    st_orc_congregation, basic_altar, serial_shops, nicolae_shop_stone,
          uniq_nessos
Lab:      labyrinth_watery
Volcano:  volcano_pools
